AoeStats
← PiWi

Hideout

508432233Analyzed
1v1 RM · 11d ago on Sep 22, 2026· 48m 16s· 2 players
Game mode
Random Map
Map size
Tiny (2 player)
Population
200
Speed
Normal
Resources
Standard
Victory
Conquest
Starting age
Dark Age
Ending age
Imperial Age
RankedLock teamsTeams togetherTeam positionsShared explorationLock speedFull tech treeHidden civsTurbo modeCheats
Victory
Defeat
🇹🇼 Magyars · Taiwan
1307
+15
🇨🇭 Slavs · Switzerland
1275
-15
MAVERICK
6:41 Loom
9:18 Feudal Age
9:51 Double-Bit Axe
17:06 Castle Age
16:05 Fletching
16:16 Padded Archer Armor
17:36 Wheelbarrow
18:01 Bodkin Arrow
18:02 Gold Mining
17:55 Horse Collar
18:57 Town Watch
19:34 Bow Saw
22:29 Bloodlines
24:52 Husbandry
27:48 Wheelbarrow
27:09 Stone Mining
34:03 Imperial Age
32:37 Hand Cart
33:53 Thumb Ring
34:05 Leather Archer Armor
34:48 Ballistics
34:39 Masonry
35:50 Bracer
37:18 Chemistry
40:03 Two-Man Saw
40:13 Conscription
39:55 Corvinian Army
40:02 Scale Barding Armor
41:35 Ring Archer Armor
43:15 Heavy Plow
44:07 Hoardings
44:51 Recurve Bow
45:58 Chain Barding Armor
45:23 Heavy Cavalry Archer
47:27 Parthian Tactics
46:26 Elite Magyar Huszar
PiWi
8:11 Loom
10:33 Feudal Age
12:14 Double-Bit Axe
16:21 Castle Age
15:41 Horse Collar
15:54 Stone Mining
17:25 Gold Mining
21:37 Wheelbarrow
22:09 Detinets
23:46 Fletching
26:13 Bow Saw
26:36 Bloodlines
26:27 Husbandry
26:34 Scale Barding Armor
26:41 Forging
30:04 Chain Barding Armor
33:56 Heavy Plow
37:40 Imperial Age
35:08 Light Cavalry
38:50 Ballistics
37:54 Hussar
38:59 Conscription
40:35 Plate Barding Armor
41:42 Iron Casting
41:39 Elite Skirmisher
43:08 Bodkin Arrow
43:26 Padded Archer Armor
43:10 Cavalier
44:45 Leather Archer Armor
46:10 Ring Archer Armor
Connection lost

Rejoining the realm…

Still unreachable

The connection could not be restored.

Session expired

The server has moved on; the page needs a fresh start.